 Dungeon Crawl Stone Soup version 0.22-a0-293-gc9362ec (webtiles) character file.

114267 Serpenta the Carver (level 16, -8/116 HPs)
             Began as a Gnoll Chaos Knight on Mar 24, 2018.
             Mangled by an ogre
             ... wielding a +0 giant club
             ... led by an orc warlord
              (19 damage)
             ... while paralysed by an orc sorcerer
             ... on level 1 of the Orcish Mines.
             The game lasted 01:24:46 (34242 turns).

Serpenta the Carver (Gnoll Chaos Knight)           Turns: 34242, Time: 01:24:47

Health: -8/116     AC: 21    Str: 20 (21) XL:     16   Next: 65%
Magic:  30/30      EV:  2    Int: 14 (15) God:    Xom [....*.]
Gold:   695        SH:  0    Dex: 14 (15) Spells: 34/36 levels left

rFire    + + .     SeeInvis +   Z - +5 great sword "Nifoydil" {slice, Fragile rPois rN+ Str+2}
rCold    . . .     Gourm    .   (shield currently unavailable)
rNeg     + . .     Faith    .   e - +1 plate armour
rPois    +         Spirit   .   (no helmet)
rElec    +         Reflect  .   Q - +2 cloak
rCorr    .         Harm     .   W - +1 pair of gloves of Wasted Space {rElec Int+2}
MR       ++...                  J - +0 pair of boots
Stlth    ..........             Y - amulet "Nioxoonusa" {rF+ Regen+}
HPRegen  0.69/turn              T - +3 ring of slaying
MPRegen  0.22/turn              R - ring of Phasing {EV+8}

@: paralysed, corroded, very slightly contaminated, invisible
A: distributed training, fangs 1, talons 1, thin metallic scales 1, see
invisible, clumsy 1, deterioration 1, dopey 1, fire resistance 1, frail 1, magic
resistance 1, sense surroundings 1, poison resistance, wild magic 1, strong nose
a: Renounce Religion


You were on level 1 of the Orcish Mines.
You worshipped Xom.
You were a beloved toy of Xom.
You were not hungry.

You visited 3 branches of the dungeon, and saw 23 of its levels.
You visited the Abyss 1 time.

You collected 3175 gold pieces.
You spent 2480 gold pieces at shops.


Innate Abilities, Weirdness & Mutations

Your experience applies equally to all skills.
You have very sharp teeth.
Your uncanny sense of smell can sniff out nearby items.
You have sharp toenails.
You are partially covered in thin metallic scales. (AC +2)
You have supernaturally acute eyesight. (SInv)
You are clumsy. (Dex -2)
Your body sometimes deteriorates upon taking damage.
You are dopey. (Int -2)
Your flesh is heat resistant. (rF+)
You are frail. (-10% HP)
You are resistant to hostile enchantments. (MR+)
You passively map a small area around you.
Your system is resistant to poisons. (rPois)
Your spells are a little harder to cast, but a little more powerful.


   Skills:
 + Level 12.4 Fighting
 + Level 10.8 Short Blades
 + Level 12.4 Long Blades
 + Level 10.8 Axes
 + Level 10.8 Maces & Flails
 + Level 10.8 Polearms
 + Level 10.8 Staves
 + Level 10.8 Slings
 + Level 10.8 Bows
 + Level 10.8 Crossbows
 + Level 10.8 Throwing
 + Level 11.7 Armour
 + Level 11.1 Dodging
 + Level 10.8 Stealth
 + Level 10.8 Shields
 + Level 10.8 Unarmed Combat
 + Level 10.8 Spellcasting
 + Level 9.2 Conjurations
 + Level 9.2 Hexes
 + Level 9.2 Charms
 + Level 9.2 Summonings
 + Level 9.2 Necromancy
 + Level 9.2 Translocations
 + Level 9.2 Transmutations
 + Level 9.2 Fire Magic
 + Level 9.2 Ice Magic
 + Level 9.2 Air Magic
 + Level 9.2 Earth Magic
 + Level 9.2 Poison Magic
 + Level 11.7 Invocations
 + Level 10.8 Evocations


You had 34 spell levels left.
You knew the following spells:

 Your Spells              Type           Power        Failure   Level  Hunger
b - Blink                 Tloc           N/A          8%          2    None

Action                   |  1- 3 |  4- 6 |  7- 9 | 10-12 | 13-15 | 16-18 || total
-------------------------+-------+-------+-------+-------+-------+-------++-------
Melee: Falchion          |    39 |   132 |   319 |   474 |       |       ||   964
       Bite              |     2 |    19 |    46 |   103 |   261 |   116 ||   547
       Punch             |       |       |     2 |    20 |       |       ||    22
       Rapier            |       |       |       |   331 |    30 |       ||   361
       Whip              |       |       |       |   214 |  1603 |       ||  1817
       Kick              |       |       |       |    33 |   645 |   101 ||   779
       Scimitar          |       |       |       |       |   117 |   658 ||   775
       Great sword       |       |       |       |       |       |    19 ||    19
       Unarmed           |       |       |       |       |       |    12 ||    12
Throw: Tomahawk          |       |       |       |     1 |       |       ||     1
 Cast: Blink             |       |       |       |     1 |       |       ||     1
Evoke: Wand              |       |       |     7 |    12 |     9 |     2 ||    30
  Use: Scroll            |       |    10 |     5 |    10 |     6 |     2 ||    33
       Potion            |       |       |     5 |     2 |     1 |     1 ||     9
 Stab: Paralysed         |     1 |       |    27 |    13 |     9 |     3 ||    53
       Sleeping          |       |     3 |     3 |       |       |       ||     6
       Confused          |       |     1 |     1 |       |     9 |     1 ||    12
       Petrified         |       |       |     9 |       |       |       ||     9
       Petrifying        |       |       |     1 |     3 |       |       ||     4
       Invisible         |       |       |       |     2 |     6 |       ||     8
       Distracted        |       |       |       |       |     2 |     2 ||     4
  Eat: Chunk             |       |     7 |     1 |    23 |    34 |     7 ||    72
       Ration            |       |       |     3 |     4 |     2 |     3 ||    12
Armor: Leather armour    |    15 |    38 |    18 |       |       |       ||    71
       Skin              |       |       |    57 |       |       |     2 ||    59
       Plate armour      |       |       |    68 |   568 |   564 |   378 ||  1578
Dodge: Dodged            |    27 |    72 |   112 |   369 |   371 |   346 ||  1297
Block: Shield            |       |       |       |    69 |   709 |   401 ||  1179
       Rpst.: Falchion   |    10 |    28 |    36 |    38 |       |       ||   112
       Scimitar          |       |       |       |       |    15 |    77 ||    92
       Great sword       |       |       |       |       |       |     6 ||     6

Inventory:

Hand Weapons
 a - the +7 rapier of Hekuket {drain, rC+ rN++ MR- Dex+3}
   (You took it off an orc on level 9 of the Dungeon)

   A truly terrible weapon, it drains the life of those it strikes.
   It affects your dexterity (+3).
   It protects you from cold.
   It greatly protects you from negative energy.
   It affects your resistance to hostile enchantments.
 f - the +8 whip "Snakebite" {curare, rPois}
   (You found it on level 2 of the Lair of Beasts)

   It poisons the flesh of those it strikes.
   It protects you from poison.
 q - a +1 scimitar of flaming
 Z - the +5 great sword "Nifoydil" (weapon) {slice, Fragile rPois rN+ Str+2}
   (You bought it in a shop on level 2 of the Orcish Mines)

   It inflicts extra damage upon your enemies.
   It affects your strength (+2).
   It protects you from poison.
   It protects you from negative energy.
   It will be destroyed if unequipped.
Missiles
 i - 21 tomahawks (quivered)
 C - a throwing net
Armour
 e - a +1 plate armour (worn)
 J - a +0 pair of boots (worn)
 Q - a +2 cloak (worn)
 W - the +1 pair of gloves of Wasted Space (worn) {rElec Int+2}
   (You found it on level 12 of the Dungeon)

   It affects your intelligence (+2).
   It insulates you from electricity.
Jewellery
 g - an uncursed ring of ice
 p - an uncursed ring of see invisible
 r - an uncursed ring of fire
 s - an uncursed ring of flight
 K - an uncursed ring of positive energy
 R - the ring of Phasing (right hand) {EV+8}
   (You bought it in a shop on level 2 of the Orcish Mines)

   [ring of evasion]

   It affects your evasion (+8).
 T - a +3 ring of slaying (left hand)
 Y - the amulet "Nioxoonusa" (around neck) {rF+ Regen+}
   (You bought it in a shop on level 2 of the Orcish Mines)

   [amulet of regeneration]

   It protects you from fire.
   It increases your rate of regeneration.
Wands
 b - a wand of iceblast (18)
 u - a wand of polymorph (37)
 z - a wand of paralysis (7)
 E - a wand of scattershot (1)
 F - a wand of digging (24)
 G - a wand of disintegration (15)
 S - a wand of acid (21)
Scrolls
 d - 6 scrolls of amnesia
 h - 9 scrolls of teleportation
 k - 2 scrolls of magic mapping
 l - 8 scrolls of remove curse
 w - a scroll of enchant weapon
 y - 2 scrolls of blinking
 B - 5 scrolls of enchant armour
 L - 2 scrolls of summoning
 P - 9 scrolls of identify
 U - a scroll of fear
Potions
 m - 5 potions of mutation
 n - 3 potions of curing
 o - 10 potions of flight
 t - 3 potions of resistance
 x - 3 potions of brilliance
 A - 2 potions of might
 D - 2 potions of agility
 I - 2 potions of cancellation
 M - a potion of invisibility
 N - 5 potions of haste
 O - 2 potions of heal wounds
 V - 3 potions of ambrosia
Comestibles
 c - 24 rations

* * , ##
.#.#...
##.,.......
* ##..
.......
...#.#.....
* #
...$4.....,
##.
#.4o.o.... ,
#...#oOoo.##
#.#.o@4O..#
, ,
#...>o.###
###......#
##.....#
##.....# *
.......
*.......
#...... *
.....#,


You could see an orc warlord, a hellwing, an ice devil, a rust devil
(wandering), an orc sorcerer, 2 orc warriors, 2 ogres, an orc priest and 2 orcs.

Vanquished Creatures
  Rupert (D:14)
  A fire giant (D:8)
  A juggernaut zombie (D:15)
  Azrael (Orc:1)
  Nessos (D:14)
  Josephine (D:11)
  4 ogre magi
  7 hydras
  21 two-headed ogres
  A deep troll shaman (Lair:6)
  A catoblepas (Lair:6)
  4 centaur warriors
  4 death yaks
  Urug (D:12)
  Sonja (D:14)
  5 skeletal warriors
  A tyrant leech (D:12)
  2 iron trolls
  A wizard (D:14)
  5 unseen horrors
  A flayed ghost (D:14)
  A deep troll (Orc:2)
  A deep elf archer (D:14)
  An orb spider (Orc:2)
  10 ugly things
  A wolf spider zombie (D:14)
  An iron dragon zombie (D:15)
  A necromancer (D:15)
  A manticore (D:15)
  A mana viper (shapeshifter) (D:13)
  An orc knight (D:14)
  An orc sorcerer (Orc:1)
  5 deep elf magi
  6 cyclopes
  A fire giant skeleton (D:15)
  A centaur zombie (D:15)
  Maurice (D:12)
  18 elephants
  4 black mambas
  10 spiny frogs
  An eye of devastation (Lair:5)
  2 gargoyles
  3 yaktaurs (D:14)
  8 centaur skeletons
  A rime drake (Lair:4)
  5 komodo dragons
  2 kobold demonologists
  An efreet (D:15)
  An elf skeleton (D:15)
  3 meliai (D:14)
  A merfolk (D:11)
  10 trolls
  4 polar bears
  A queen bee (Lair:1)
  6 hornets
  A meliai (shapeshifter) (Lair:5)
  A raiju (shapeshifter) (D:14)
  7 blink frogs
  9 slime creatures
  14 hippogriffs
  26 yaks
  A vampire (D:14)
  6 wraiths
  2 water elementals
  2 shadows
  4 wyverns
  A spriggan (Lair:4)
  3 fire elementals (Orc:1)
  2 basilisks (Lair:4)
  4 steam dragons
  7 vampire mosquitoes
  A hungry ghost (D:12)
  2 wargs (Orc:1)
  An acid dragon (D:11)
  9 water moccasins
  5 hell hounds
  A soldier ant (D:13)
  21 orc warriors
  8 porcupines
  The ghost of PegasusDuck the Ducker, an amateur FeTm (D:4)
  A hornet zombie (D:12)
  A swamp drake (D:7)
  3 ice beasts
  3 sky beasts
  29 ogres
  5 phantoms
  4 black bears
  21 wolves
  An eye of draining (D:12)
  5 boggarts (D:15)
  7 crocodiles
  16 centaurs
  8 big kobolds
  14 bullfrogs
  A gnoll sergeant (D:7)
  A wyvern zombie (D:10)
  A water moccasin zombie (D:7)
  9 scorpions
  20 killer bees
  9 wights
  3 electric eels
  3 howler monkeys
  9 crimson imps
  A gnoll shaman (D:6)
  6 hounds
  21 orc priests
  Crazy Yiuf (D:3)
  6 bullfrog zombies
  17 jellies
  26 orc wizards
  8 worker ants
  2 hell rats (D:8)
  A howler monkey zombie (D:5)
  A worker ant zombie (D:9)
  A howler monkey skeleton (D:4)
  9 gnolls
  26 adders
  2 river rats
  5 shadow imps
  5 oozes
  3 adder skeletons
  3 worms
  5 leopard geckos
  84 orcs
  6 giant cockroaches
  5 goblins
  6 hobgoblins
  8 iguanas
  6 quokkas
  A quokka (shapeshifter) (D:4)
  A ball python (D:5)
  3 bats
  2 frilled lizards
  A jackal skeleton (D:7)
  23 kobolds
  2 quokka skeletons
  5 rats
  A butterfly (Lair:1)
  A fungus (Lair:6)
797 creatures vanquished.

Vanquished Creatures (collateral kills)
  2 tengu warriors (D:13)
  A death yak (Lair:1)
  2 two-headed ogres
  A komodo dragon (Lair:4)
  2 blink frogs (Lair:4)
  3 yaks (Lair:2)
  An orc warrior (Orc:1)
  An ogre (Orc:1)
  An orc (Orc:1)
  A goblin (D:2)
  A frilled lizard (D:3)
16 creatures vanquished.

Vanquished Creatures (others)
  A kobold demonologist (D:13)
  An orc warrior (Orc:2)
  An ice beast (D:7)
  A wolf (Lair:2)
  An orc wizard (Orc:2)
  4 orcs
  5 fungi
  14 plants
  2 withered plants (D:15)
30 creatures vanquished.

Grand Total: 843 creatures vanquished

Vault maps used:
D:1:      enne_arrival_octagon_isle, minmay_tetromino_i2
D:2:      lemuel_doored_altar, first_ration
D:3:      lemuel_coloured_pillars_altar, dk_xom_monty_hall,
          uniq_crazy_yiuf_cottage
D:4:      overflow_temple_1_default, st_stairs_11, minmay_joined_circles
D:5:      bloody_trog
D:6:      temple_fountains, minmay_three_doors
D:7:      cheibriados_altar_1, lemuel_crystal_altar
D:8:      overflow_temple_1_default, dpeg_lair_monsters
D:11:     erik_orc_2, basic_altar, hangedman_fish_farm, uniq_josephine
D:12:     minmay_crystal_water, uniq_maurice, uniq_urug
D:13:     minmay_misc_feat_five
D:14:     hangedman_vaults_entry_quadrant_bands, uniq_sonja, uniq_nessos,
          uniq_rupert
D:15:     gammafunk_depths_entry_grave, nicolae_ru_the_path_less_chosen
Lair:1:   special_room, grunt_megastairs_2, lemuel_fruit_fields
Lair:2:   minmay_guarded_unrand_snakebite, elwin_shoals_entry_rocks,
          spider_nest_entry_web_field
Lair:3:   lemuel_oklob_altar
Lair:4:   forest_entry_grove
Lair:5:   minivault_27, grunt_megastairs_4
Lair:6:   grunt_lair_end_beastmaster, minmay_slime_entry_jelly_boxes,
          serial_bayou_shore_a
Orc:1:    nicolae_orc_accident_2
Orc:2:    st_orc_open, uniq_azrael
Abyss:3:  hangedman_classic_abyss_death, evilmike_abyss_rune_ettins


Message History

The orc sorcerer hits you but does no damage.
The orc sorcerer hits you with a dagger.
The orc warlord hits you with a great sword of flaming!
The orc warlord burns you. The rust devil hits you.
The rust devil corrodes you! The ogre hits you with a giant club!
The orc sorcerer hits you but does no damage.
The rust devil completely misses you.
The orc warlord hits you with a great sword of flaming!!
The orc warlord burns you. The ogre hits you with a giant club!
* * * LOW HITPOINT WARNING * * *
You hear Xom's avuncular chuckle.
The rust devil evaporates and reforms as a hellwing!
The orc sorcerer hits you but does no damage.
The orc warlord hits you with a great sword of flaming!!
* * * LOW HITPOINT WARNING * * *
The orc sorcerer gestures wildly while chanting.
The hellwing hits you but does no damage. x2
The ogre hits you with a giant club!!
You die...
Xom thinks this is hilarious!

Notes
Turn   | Place    | Note
-------+----------+-------------------------------------------
     0 | D:1      | Serpenta the Gnoll Chaos Knight began the quest for the Orb.
     0 | D:1      | Reached XP level 1. HP: 23/23 MP: 1/1
   184 | D:1      | Reached XP level 2. HP: 29/29 MP: 2/2
   332 | D:1      | XOM: harmless Chrm miscast
   464 | D:1      | XOM: cloud trail
   587 | D:1      | XOM is BORED!
   615 | D:1      | Reached XP level 3. HP: 35/35 MP: 3/3
   646 | D:1      | XOM: harmless Necr miscast
   719 | D:2      | Reached skill level 1 in Invocations
   776 | D:2      | Reached skill level 1 in Short Blades
   776 | D:2      | Reached skill level 1 in Axes
   776 | D:2      | Reached skill level 1 in Maces & Flails
   776 | D:2      | Reached skill level 1 in Polearms
   776 | D:2      | Reached skill level 1 in Staves
   776 | D:2      | Reached skill level 1 in Slings
   776 | D:2      | Reached skill level 1 in Bows
   776 | D:2      | Reached skill level 1 in Crossbows
   776 | D:2      | Reached skill level 1 in Throwing
   776 | D:2      | Reached skill level 1 in Stealth
   776 | D:2      | Reached skill level 1 in Shields
   776 | D:2      | Reached skill level 1 in Unarmed Combat
   776 | D:2      | Reached skill level 1 in Spellcasting
   776 | D:2      | Reached skill level 1 in Evocations
   779 | D:2      | Reached XP level 4. HP: 39/41 MP: 5/5
   907 | D:2      | Found a deep blue altar of Sif Muna.
  1454 | D:3      | Reached skill level 1 in Conjurations
  1454 | D:3      | Reached skill level 1 in Hexes
  1454 | D:3      | Reached skill level 1 in Charms
  1454 | D:3      | Reached skill level 1 in Summonings
  1454 | D:3      | Reached skill level 1 in Necromancy
  1454 | D:3      | Reached skill level 1 in Translocations
  1454 | D:3      | Reached skill level 1 in Transmutations
  1454 | D:3      | Reached skill level 1 in Fire Magic
  1454 | D:3      | Reached skill level 1 in Ice Magic
  1454 | D:3      | Reached skill level 1 in Air Magic
  1454 | D:3      | Reached skill level 1 in Earth Magic
  1454 | D:3      | Reached skill level 1 in Poison Magic
  1460 | D:3      | Reached XP level 5. HP: 47/47 MP: 6/6
  1583 | D:3      | Found a shimmering altar of Xom.
  1822 | D:2      | XOM: cast spell 'Leda's Liquefaction'
  1992 | D:3      | XOM: 4-stop teleportation journey
  2100 | D:3      | Found a runed door.
  2118 | D:3      | XOM: god gift: glowing glaive {god gift}
  2263 | D:3      | XOM: polymorph adder -> ooze
  2292 | D:3      | Found a sparkling altar of Nemelex Xobeh.
  2438 | D:4      | Noticed PegasusDuck's ghost (amateur FeTm)
  2462 | D:3      | Reached XP level 6. HP: 20/53 MP: 8/8
  2744 | D:3      | Reached skill level 5 in Armour
  2796 | D:3      | XOM: give mutation
  2796 | D:3      | Gained mutation: You are dopey. (Int -2) [Xom's mischief]
  2971 | D:4      | Found a burning altar of Makhleb.
  3022 | D:4      | Reached XP level 7. HP: 50/59 MP: 10/10
  3123 | D:4      | XOM: enchant monster (bad)
  3150 | D:4      | XOM: harmless Erth miscast
  3321 | D:4      | XOM: divination: detect items
  3641 | D:4      | XOM: harmless Tloc miscast
  3651 | D:4      | XOM: silly message
  3672 | D:5      | Entered Level 5 of the Dungeon
  3906 | D:5      | Found a bloodstained altar of Trog.
  3912 | D:5      | Reached XP level 8. HP: 67/67 MP: 12/12
  4018 | D:5      | Noticed a hornet
  4021 | D:5      | Paralysed by a hornet for 3 turns
  4023 | D:5      | XOM: cleaving
  4024 | D:5      | XOM: cleaving
  4025 | D:5      | XOM: summons 1 hostile demon
  4030 | D:5      | XOM: confuse monster(s)
  4114 | D:5      | XOM: scenery: create altars
  4184 | D:5      | XOM: divination: detect creatures
  4232 | D:5      | XOM: severe Ice miscast
  4327 | D:5      | XOM: 1-stop teleportation journey
  4330 | D:5      | XOM: confusion
  4342 | D:5      | XOM: confusion
  4343 | D:5      | XOM: harmless Tloc miscast
  4348 | D:5      | XOM: mild Summ miscast
  4351 | D:5      | XOM: blink monster(s)
  4352 | D:5      | XOM: potion effect (experience)
  4352 | D:5      | Reached skill level 5 in Short Blades
  4352 | D:5      | Reached skill level 5 in Axes
  4352 | D:5      | Reached skill level 5 in Maces & Flails
  4352 | D:5      | Reached skill level 5 in Polearms
  4352 | D:5      | Reached skill level 5 in Staves
  4352 | D:5      | Reached skill level 5 in Slings
  4352 | D:5      | Reached skill level 5 in Bows
  4352 | D:5      | Reached skill level 5 in Crossbows
  4352 | D:5      | Reached skill level 5 in Throwing
  4352 | D:5      | Reached skill level 5 in Stealth
  4352 | D:5      | Reached skill level 5 in Shields
  4352 | D:5      | Reached skill level 5 in Unarmed Combat
  4352 | D:5      | Reached skill level 5 in Spellcasting
  4352 | D:5      | Reached skill level 5 in Invocations
  4352 | D:5      | Reached skill level 5 in Evocations
  4352 | D:5      | Reached XP level 9. HP: 23/75 MP: 12/17
  4353 | D:5      | XOM: confuse monster(s)
  4375 | D:5      | XOM: fog
  4485 | D:3      | XOM: scenery: create altars
  4874 | D:5      | XOM: medium Conj miscast
  4874 | D:5      | XOM: smoke on damage
  5312 | D:5      | XOM: noise
  5336 | D:5      | Killed a hornet
  5375 | D:6      | XOM: smoke on damage
  5376 | D:6      | XOM: polymorph orc -> kobold
  5659 | D:6      | Noticed a gargoyle
  5668 | D:6      | XOM: cleaving
  5671 | D:6      | XOM: fog
  5682 | D:6      | Killed a gargoyle
  5702 | D:6      | XOM: fog
  5711 | D:6      | Reached XP level 10. HP: 58/82 MP: 18/18
  6225 | D:6      | Found a staircase to the Ecumenical Temple.
  6477 | D:6      | XOM: divination: magic mapping
  6693 | D:7      | Found a basalt altar of Yredelemnul.
  6706 | D:7      | XOM: potion effect (haste)
  7006 | D:7      | XOM: cleaving
  7027 | D:6      | XOM: medium Summ miscast
  7029 | D:6      | XOM: divination: detect creatures
  7031 | D:6      | XOM: chaos cloud
  7034 | D:6      | XOM: blink monster(s)
  7249 | D:6      | XOM: give mutations
  7249 | D:6      | Gained mutation: You are clumsy. (Dex -2) [Xom's mischief]
  7249 | D:6      | Gained mutation: You are very clumsy. (Dex -4) [Xom's mischief]
  7249 | D:6      | Gained mutation: Your body sometimes deteriorates upon taking damage. [Xom's mischief]
  7550 | D:7      | Found a snail-covered altar of Cheibriados.
  7873 | D:7      | XOM: 6-stop teleportation journey
  7905 | D:7      | XOM: 2-stop teleportation journey
  8033 | D:7      | XOM: fog
  8038 | D:7      | XOM: scenery: create altars
  8302 | D:8      | XOM: god gift: phial of floods {god gift}
  8355 | D:8      | XOM: enchant monster (bad)
  8610 | D:8      | Reached skill level 5 in Conjurations
  8610 | D:8      | Reached skill level 5 in Hexes
  8610 | D:8      | Reached skill level 5 in Charms
  8610 | D:8      | Reached skill level 5 in Summonings
  8610 | D:8      | Reached skill level 5 in Necromancy
  8610 | D:8      | Reached skill level 5 in Translocations
  8610 | D:8      | Reached skill level 5 in Transmutations
  8610 | D:8      | Reached skill level 5 in Fire Magic
  8610 | D:8      | Reached skill level 5 in Ice Magic
  8610 | D:8      | Reached skill level 5 in Air Magic
  8610 | D:8      | Reached skill level 5 in Earth Magic
  8610 | D:8      | Reached skill level 5 in Poison Magic
  8649 | D:8      | XOM: harmless Ice miscast
  8724 | D:8      | XOM: confuse monster(s)
  8759 | D:8      | XOM: harmless Ice miscast
  8845 | D:8      | XOM: summons 3 hostile demons
  8850 | D:8      | XOM: blink monster(s)
  8867 | D:8      | XOM: 1-stop teleportation journey
  8908 | D:8      | Found an ornate altar of the Wu Jian Council.
  8916 | D:8      | Noticed a death yak
  8929 | D:8      | XOM: divine lightning
  8940 | D:8      | Noticed a fire giant
  8940 | D:8      | a death yak changed into a fire giant
  8940 | D:8      | XOM: polymorph death yak -> fire giant
  8944 | D:8      | XOM: confusion
  9179 | D:9      | XOM: noise
  9314 | D:9      | XOM: chaos cloud
  9630 | D:9      | XOM: enchant monster (bad)
  9680 | D:9      | Got a warped rapier {drain}
  9683 | D:9      | Identified the +7 rapier of Hekuket {drain, rC+ rN++ MR- Dex+3} (You took it off an orc on level 9 of the Dungeon)
  9688 | D:9      | XOM: silly message
  9703 | D:9      | XOM: harmless Hex miscast
  9706 | D:9      | XOM: 2-stop teleportation journey
  9740 | D:9      | XOM: 1-stop teleportation journey
 10049 | D:8      | XOM: mild Hex miscast
 10090 | D:8      | Noticed an unseen horror
 10091 | D:8      | XOM: potion effect (brilliance)
 10095 | D:8      | Found a staircase to the Lair.
 10112 | D:8      | Killed an unseen horror
 10112 | D:8      | Reached XP level 11. HP: 37/89 MP: 20/20
 10401 | D:8      | Noticed a death yak
 10403 | D:8      | Noticed a death yak
 10403 | D:8      | XOM: potion effect (haste)
 10417 | Lair:1   | Entered Level 1 of the Lair of Beasts
 10476 | Lair:1   | XOM: potion effect (agility)
 10487 | Lair:1   | XOM: potion effect (agility)
 10789 | Lair:1   | XOM: potion effect (agility)
 11175 | Lair:1   | XOM: cloud trail
 11201 | Lair:1   | XOM: potion effect (invisibility)
 11203 | Lair:1   | XOM: smoke on damage
 11213 | Lair:1   | XOM: harmless Ice miscast
 11522 | Lair:1   | XOM: harmless Fire miscast
 11524 | Lair:1   | XOM: potion effect (invisibility)
 11531 | Lair:1   | XOM: polymorph black mamba -> water moccasin
 12083 | Lair:2   | XOM: cast spell 'Monstrous Menagerie'
 12101 | Lair:2   | Found a staircase to the Shoals.
 12318 | Lair:2   | XOM: give mutations
 12318 | Lair:2   | Gained mutation: You have a pair of small antennae on your head. [Xom's grace]
 12318 | Lair:2   | Gained mutation: Your spells are a little harder to cast, but a little more powerful. [Xom's grace]
 12371 | Lair:2   | Noticed an eight-headed hydra
 12371 | Lair:2   | XOM: divination: detect creatures
 12445 | Lair:2   | XOM: potion effect (berserk rage)
 12450 | Lair:2   | XOM: cast spell 'Ring of Flames'
 12473 | Lair:2   | XOM: harmless Erth miscast
 12481 | Lair:2   | XOM: noise
 12753 | Lair:2   | XOM: enchant monster (bad)
 12765 | Lair:2   | XOM: potion effect (curing)
 12887 | Lair:2   | Found a hole to the Spider Nest.
 12894 | Lair:2   | XOM: potion effect (might)
 13072 | Lair:2   | XOM: mild Pois miscast
 13300 | Lair:2   | XOM: harmless Pois miscast
 13642 | Lair:2   | XOM: medium Fire miscast
 13849 | Lair:2   | Found the +8 whip "Snakebite" {curare, rPois}
 14191 | Lair:2   | XOM is BORED!
 14191 | Lair:2   | XOM: give mutations
 14191 | Lair:2   | Gained mutation: Scrolls take you a little longer to read. [Xom's mischief]
 14191 | Lair:2   | Lost mutation: Scrolls take you a little longer to read. [Xom's mischief]
 14191 | Lair:2   | Lost mutation: You have a pair of small antennae on your head. [Xom's mischief]
 14248 | Lair:3   | Found a hazy altar of Hepliaklqana.
 14249 | Lair:3   | Noticed an oklob plant
 14249 | Lair:3   | XOM: chaos cloud
 14268 | Lair:3   | Reached XP level 12. HP: 92/97 MP: 22/22
 14339 | Lair:3   | XOM: mild Pois miscast
 14479 | Lair:3   | XOM: stat loss: -1 Str (18/19)
 14592 | Lair:3   | XOM: harmless Chrm miscast
 14907 | Lair:3   | XOM: harmless Ice miscast
 15083 | Lair:3   | XOM: harmless Chrm miscast
 15094 | Lair:3   | Learned a level 2 spell: Blink
 15148 | Lair:3   | XOM: 8-stop teleportation journey
 15221 | Lair:3   | XOM: summons 1 hostile demon
 15392 | Lair:4   | Noticed a seven-headed hydra
 15399 | Lair:4   | XOM: cast spell 'Summon Horrible Things'
 15401 | Lair:4   | Killed a seven-headed hydra
 15450 | Lair:3   | XOM: harmless Summ miscast
 15647 | Lair:3   | XOM: summons 3 hostile demons
 15688 | Lair:4   | XOM: enchant monster (bad)
 15717 | Lair:4   | XOM: harmless Necr miscast
 15752 | Lair:4   | XOM: divination: magic mapping
 15764 | Lair:4   | XOM: potion effect (curing)
 15796 | Lair:4   | XOM: harmless Erth miscast
 15898 | Lair:4   | Killed an eight-headed hydra
 15904 | Lair:4   | XOM: enchant monster (good)
 15908 | Lair:4   | XOM: confusion
 15973 | Lair:4   | Reached skill level 10 in Fighting
 15973 | Lair:4   | Reached skill level 10 in Long Blades
 16295 | Lair:3   | XOM: give mutation
 16295 | Lair:3   | Gained mutation: You occasionally shout uncontrollably at your foes. [Xom's mischief]
 16324 | Lair:3   | XOM: noise
 16354 | Lair:4   | XOM: silly message
 16406 | Lair:3   | XOM: give mutations
 16406 | Lair:3   | Gained mutation: You are partially covered in thin metallic scales. (AC +2) [Xom's grace]
 16406 | Lair:3   | Gained mutation: You have sharp toenails. [Xom's grace]
 16531 | Lair:4   | XOM: god gift: 20 stones {god gift}
 16563 | Lair:4   | XOM: confuse monster(s)
 16567 | Lair:4   | XOM: summons friendly quasit
 16691 | Lair:4   | XOM: scenery: create altars
 16814 | Lair:4   | XOM: scenery: create altars
 16898 | Lair:5   | XOM: 3-stop teleportation journey
 16909 | Lair:5   | XOM: divine lightning
 17007 | Lair:5   | XOM: smoke on damage
 17013 | Lair:5   | XOM: polymorph basilisk -> golden eye
 17019 | Lair:5   | XOM: 1-stop teleportation journey
 17020 | Lair:5   | Noticed an eight-headed hydra
 17024 | Lair:5   | Killed an eight-headed hydra
 17043 | Lair:5   | Noticed a four-headed hydra
 17044 | Lair:5   | Killed a four-headed hydra
 17044 | Lair:5   | Reached XP level 13. HP: 86/103 MP: 24/24
 17652 | Lair:5   | XOM: harmless Conj miscast
 17836 | Lair:5   | XOM: polymorph elephant -> eye of devastation
 17852 | Lair:5   | XOM: scenery: create altars
 18103 | Lair:5   | XOM: 1-stop teleportation journey
 18228 | Lair:5   | XOM: polymorph water moccasin -> big kobold
 18547 | Lair:6   | Entered Level 6 of the Lair of Beasts
 18603 | Lair:5   | XOM: cast spell 'Summon Ice Beast'
 18609 | Lair:5   | XOM: noise
 18613 | Lair:5   | XOM: polymorph hippogriff -> troll
 18676 | Lair:5   | XOM: cleaving
 18737 | Lair:6   | XOM: summons friendly white imp
 18739 | Lair:6   | XOM: confuse monster(s)
 18750 | Lair:6   | XOM: divination: magic mapping
 19002 | Lair:6   | XOM: scenery: create altars
 19005 | Lair:6   | XOM: smoke on damage
 19051 | Lair:6   | XOM: cleaving
 19122 | Lair:6   | Found a staircase to the Slime Pits.
 19262 | Lair:6   | XOM: give mutation
 19262 | Lair:6   | Gained mutation: Your flesh is heat resistant. (rF+) [Xom's grace]
 19331 | Lair:6   | XOM: scenery: create altars
 19356 | Lair:6   | XOM: polymorph yak -> blink frog
 19382 | Lair:6   | XOM: polymorph electric eel -> adder
 19550 | Lair:6   | XOM: divination: detect items
 19553 | Lair:6   | XOM: divination: magic mapping
 19593 | Lair:6   | XOM: harmless Tmut miscast
 19925 | Lair:6   | XOM: confuse monster(s)
 20138 | Lair:6   | XOM: blink monster(s)
 20254 | Lair:6   | XOM: enchant monster (bad)
 20266 | Lair:6   | XOM: destruction
 20281 | Lair:6   | XOM: confuse monster(s)
 20285 | Lair:6   | XOM: divination: magic mapping
 20287 | Lair:6   | XOM: cast spell 'Discord'
 20323 | Lair:6   | XOM: potion effect (invisibility)
 20364 | Lair:6   | Noticed a dire elephant
 20366 | Lair:6   | a dire elephant changed into an iron troll
 20366 | Lair:6   | XOM: polymorph dire elephant -> iron troll
 20403 | Lair:6   | Reached XP level 14. HP: 59/111 MP: 16/26
 20431 | Lair:6   | Identified a scroll of acquirement
 20500 | Lair:6   | XOM: medium Chrm miscast
 20676 | Lair:1   | XOM: divination: magic mapping
 20694 | D:8      | XOM: divination: magic mapping
 20704 | Lair:1   | Reached skill level 10 in Armour
 20717 | Lair:1   | XOM: cast spell 'Summon Ice Beast'
 20732 | Lair:1   | XOM: cloud trail
 20808 | D:8      | XOM: enchant monster (good)
 20811 | D:8      | Killed a fire giant
 20974 | D:8      | XOM: enchant monster (good)
 21115 | D:4      | Killed PegasusDuck's ghost
 21170 | D:3      | Noticed Crazy Yiuf
 21176 | D:3      | Killed Crazy Yiuf
 21503 | D:10     | Entered Level 10 of the Dungeon
 22093 | D:10     | XOM: 4-stop teleportation journey
 22165 | D:10     | XOM: cleaving
 22169 | D:10     | XOM: confuse monster(s)
 22314 | D:11     | XOM: cast spell 'Necromutation'
 22318 | D:11     | XOM: smoke on damage
 23033 | D:11     | XOM: confuse monster(s)
 23053 | D:11     | Noticed Josephine
 23082 | D:11     | Killed Josephine
 23117 | D:11     | XOM: scenery: create altars
 23143 | D:11     | Found a shimmering altar of Xom.
 23233 | D:11     | Found a staircase to the Orcish Mines.
 23360 | D:11     | XOM: summons 3 hostile shadow creatures
 23539 | D:12     | Reached skill level 10 in Invocations
 23578 | D:12     | fuck you
 23598 | D:12     | Got a pair of heavily runed gloves
 23622 | D:12     | Identified the +1 pair of gloves of Wasted Space {rElec Int+2} (You found it on level 12 of the Dungeon)
 23629 | D:12     | XOM: scenery: create altars
 23825 | D:12     | XOM: confusion (+ monsters)
 23839 | D:11     | XOM: blink monster(s)
 24043 | D:12     | XOM: noise
 24060 | D:12     | Noticed Urug
 24085 | D:12     | Killed Urug
 24108 | D:12     | XOM: noise
 24149 | D:12     | XOM: summons 3 hostile demons
 24623 | D:12     | XOM: swap monsters
 24650 | D:12     | XOM: 2-stop teleportation journey
 24736 | D:12     | XOM: mild Erth miscast
 24739 | D:12     | XOM: polymorph cyan ugly thing -> tyrant leech
 24857 | D:12     | XOM: noise
 24953 | D:12     | XOM: give mutations
 24953 | D:12     | Gained mutation: Your flesh is very heat resistant. (rF++) [Xom's grace]
 24953 | D:12     | Lost mutation: You are very clumsy. (Dex -4) [Xom's grace]
 24953 | D:12     | Gained mutation: You passively map a small area around you. [Xom's grace]
 24964 | D:12     | Noticed Maurice
 24970 | D:12     | XOM is BORED!
 24970 | D:12     | XOM: mild Fire miscast
 24972 | D:12     | Killed Maurice
 25120 | D:12     | XOM: scenery: 1 doors close
 25217 | D:12     | XOM: scenery: 1 doors close
 25466 | D:13     | XOM: god gift: copper ring {god gift}
 25532 | D:13     | XOM: fog
 25573 | D:13     | XOM: harmless Pois miscast
 25615 | D:13     | XOM: 3-stop teleportation journey
 25634 | D:13     | XOM: scenery: create altars
 25785 | D:13     | XOM: 3-stop teleportation journey
 25886 | D:13     | XOM: stat loss: -1 Str (18/19)
 25966 | D:13     | XOM: polymorph soul eater -> sun demon
 25975 | D:13     | XOM: enchant monster (good)
 25981 | D:13     | XOM: enchant monster (bad)
 25986 | D:13     | XOM: medium Erth miscast
 25988 | D:13     | XOM: cleaving
 25998 | D:13     | XOM: harmless Air miscast
 26027 | D:13     | XOM: summons friendly ufetubus
 26029 | D:13     | Reached skill level 10 in Dodging
 26039 | D:13     | XOM: summons friendly white imp
 26055 | D:13     | XOM: confuse monster(s)
 26280 | D:13     | Reached XP level 15. HP: 105/119 MP: 24/28
 26537 | D:14     | XOM: silly message
 26653 | D:14     | XOM: mild Tmut miscast
 26675 | D:14     | XOM: confusion (+ monsters)
 26717 | D:14     | XOM: chaos upgrade
 26718 | D:14     | XOM: blink monster(s)
 26748 | D:14     | XOM: divination: detect creatures
 26832 | D:14     | XOM: harmless Ice miscast
 26904 | D:14     | Noticed Rupert
 26921 | D:14     | XOM: fog
 26929 | D:14     | XOM: divination: detect items
 26931 | D:14     | XOM: divination: detect creatures
 26937 | D:14     | Killed Rupert
 26968 | D:14     | XOM: divination: detect creatures
 27253 | D:14     | Noticed Nessos
 27262 | D:14     | Killed Nessos
 27358 | D:14     | Reached skill level 10 in Short Blades
 27358 | D:14     | Reached skill level 10 in Axes
 27358 | D:14     | Reached skill level 10 in Maces & Flails
 27358 | D:14     | Reached skill level 10 in Polearms
 27358 | D:14     | Reached skill level 10 in Staves
 27358 | D:14     | Reached skill level 10 in Slings
 27358 | D:14     | Reached skill level 10 in Bows
 27358 | D:14     | Reached skill level 10 in Crossbows
 27358 | D:14     | Reached skill level 10 in Throwing
 27358 | D:14     | Reached skill level 10 in Stealth
 27358 | D:14     | Reached skill level 10 in Shields
 27358 | D:14     | Reached skill level 10 in Unarmed Combat
 27358 | D:14     | Reached skill level 10 in Spellcasting
 27358 | D:14     | Reached skill level 10 in Evocations
 27449 | D:14     | XOM: summons friendly crimson imp
 27455 | D:14     | Noticed Sonja
 27466 | D:14     | Killed Sonja
 27516 | D:14     | XOM: god gift: wand of iceblast (7) {god gift}
 27539 | D:14     | XOM: summons 6 friendly demons
 27720 | D:14     | XOM: fog
 27810 | D:14     | XOM: divination: magic mapping
 27827 | D:14     | XOM: summons 8 friendly demons
 27896 | D:14     | Found a gate to the Vaults.
 27922 | D:14     | XOM: destruction
 28110 | D:15     | Entered Level 15 of the Dungeon
 28234 | D:15     | XOM: give mutation
 28234 | D:15     | Lost mutation: You occasionally shout uncontrollably at your foes. [Xom's mischief]
 28336 | D:15     | XOM: god gift: 1130 gold pieces {god gift}
 28357 | D:15     | XOM: polymorph electric eel -> steam dragon
 28483 | D:15     | XOM: summons 7 friendly demons
 28501 | D:15     | XOM: harmless Necr miscast
 29166 | D:15     | XOM: noise
 29167 | D:15     | XOM: mild Erth miscast
 29213 | D:15     | Reached XP level 16. HP: 127/127 MP: 30/30
 29346 | D:15     | XOM: summons friendly crimson imp
 29515 | D:15     | XOM: potion effect (agility)
 29541 | D:15     | XOM: confusion
 29558 | D:15     | XOM: confusion
 29572 | D:15     | XOM: divination: detect creatures
 29637 | D:15     | XOM: potion effect (might)
 29897 | D:14     | XOM: summons 5 hostile demons
 30252 | D:15     | Found a staircase to the Depths.
 30478 | D:15     | XOM: mild Conj miscast
 30591 | D:15     | XOM: medium Tloc miscast
 30709 | D:15     | Found a sacrificial altar of Ru.
 30955 | Orc:1    | Entered Level 1 of the Orcish Mines
 31163 | Orc:1    | XOM: 1-stop teleportation journey
 31174 | Orc:1    | XOM: polymorph orc -> river rat
 31175 | Orc:1    | XOM: smoke on damage
 31195 | Orc:1    | XOM: harmless Erth miscast
 31339 | Orc:1    | Found a roughly hewn altar of Beogh.
 31446 | Orc:1    | XOM: summons 2 hostile shadow creatures
 31718 | Orc:2    | Entered Level 2 of the Orcish Mines
 31778 | Orc:2    | XOM: summons 7 hostile demons
 31795 | Orc:2    | XOM: polymorph ogre -> hornet
 31890 | Orc:2    | XOM: summons 8 hostile demons
 31917 | Orc:2    | Noticed Azrael
 31921 | Orc:1    | XOM: repel stairs
 32051 | Orc:1    | XOM: harmless Ice miscast
 32072 | Orc:1    | Killed Azrael
 32203 | Orc:1    | XOM: give mutations
 32203 | Orc:1    | Lost mutation: Your flesh is very heat resistant. (rF++) [Xom's mischief]
 32203 | Orc:1    | Gained mutation: You are frail. (-10% HP) [Xom's mischief]
 32340 | Orc:2    | XOM: draining
 32355 | Orc:1    | XOM: chaos cloud
 32468 | Orc:1    | XOM: summons 12 friendly demons
 32649 | Orc:1    | XOM: mild Ice miscast
 32665 | Orc:1    | XOM: mild Tloc miscast
 32740 | Orc:1    | XOM: give mutations
 32740 | Orc:1    | Gained mutation: Your system is resistant to poisons. (rPois) [Xom's grace]
 32740 | Orc:1    | Gained mutation: You are resistant to hostile enchantments. (MR+) [Xom's grace]
 32740 | Orc:1    | Gained mutation: You have supernaturally acute eyesight. (SInv) [Xom's grace]
 32775 | Orc:1    | XOM: god gift: runed halberd {god gift}
 33238 | Orc:2    | XOM: cleaving
 33280 | Orc:2    | XOM: enchant monster (bad)
 33372 | Orc:2    | XOM: polymorph troll -> orb spider
 33382 | Orc:2    | XOM: confuse monster(s)
 33447 | Orc:2    | XOM: medium Tloc miscast
 33447 | Orc:2    | Cast into level 3 of the Abyss (the capriciousness of Xom)
 33456 | Abyss:3  | Noticed a bone dragon
 33467 | Orc:2    | Escaped the Abyss
 33568 | Orc:2    | Found Acos's Jewellery Boutique.
 33573 | Orc:2    | Found Bakh's Armour Shop.
 33585 | Orc:2    | Found Sihikaes's Food Emporium.
 33684 | Orc:2    | XOM: harmless Summ miscast
 33747 | Orc:2    | XOM: medium Conj miscast
 33767 | Orc:2    | Found Inkept's Antique Weapon Shop.
 33775 | Orc:2    | Bought a fine great sword for 310 gold pieces
 33781 | Orc:2    | Identified the +5 great sword "Nifoydil" {slice, Fragile rPois rN+ Str+2} (You bought it in a shop on level 2 of the Orcish Mines)
 33796 | Orc:2    | Bought the ring of Phasing {EV+8} for 1280 gold pieces
 33796 | Orc:2    | Found the ring of Phasing {EV+8}
 33796 | Orc:2    | Bought a +3 ring of slaying for 450 gold pieces
 33796 | Orc:2    | Bought the amulet "Nioxoonusa" {rF+ Regen+} for 440 gold pieces
 33827 | Orc:2    | Found a staircase to the Elven Halls.
 33845 | Orc:2    | XOM: scenery: create altars
 33851 | Orc:2    | XOM: summons 5 friendly demons
 34095 | Orc:2    | XOM: harmless Chrm miscast
 34237 | Orc:1    | Paralysed by an orc sorcerer for 6 turns
 34241 | Orc:1    | XOM: polymorph rust devil -> hellwing
 34242 | Orc:1    | Mangled by an ogre
